 Dungeon Crawl Stone Soup version 0.29-a0-582-ge82337ba6a (webtiles) character file.

Game seed: 2857530307777490237

30148 inmateoo the Grappler (level 13, -5/103 HPs)
             Began as a Demonspawn Delver on June 14, 2022.
             Was an Initiate of Gozag.
             Shot with an arrow by a centaur warrior (8 damage)
             ... on level 14 of the Dungeon.
             The game lasted 00:17:01 (14158 turns).

inmateoo the Grappler (Demonspawn Delver)          Turns: 14158, Time: 00:17:01

Health: -5/103     AC: 17    Str: 22    XL:     13   Next: 19%
Magic:  13/13      EV: 15    Int: 12    God:    Gozag
Gold:   3365       SH:  8    Dex: 17    Spells: 12/12 levels left

rFire   . . .      SeeInvis .   C - +9 mace "Worm" {spect, rCorr Str+4 Dex+3}
rCold   . . .      Faith    .   a - +2 buckler
rNeg    . . .      Spirit   .   F - +5 chain mail {Will+}
rPois   +          Reflect  .   (helmet unavailable)
rElec   +          Harm     .   R - scarf {repulsion}
rCorr   +          Rampage  .   l - +0 pair of gloves
Will    +....                   (boots unavailable)
Stlth   ..........              x - amulet of the acrobat
HPRegen 0.27/turn               i - ring of poison resistance
MPRegen 0.13/turn               w - ring "Exziewu" {rElec EV+4}

@: gold aura, repel missiles
A: claws 1, hooves 3, horns 3, icemail 2, condensation shield
a: Renounce Religion, Potion Petition, Call Merchant, Bribe Branch


You were on level 14 of the Dungeon.
You worshipped Gozag.
Gozag was most pleased with you.
You visited 1 branch of the dungeon, and saw 14 of its levels.
You also visited: Bailey.

You collected 3452 gold pieces.
You paid 87 gold pieces to Gozag.

Inventory:

Hand Weapons
 C - the +9 mace "Worm" (weapon) {spect, rCorr Str+4 Dex+3}
   (You found it on level 5 of the Dungeon)

   When its wielder attacks, the weapon's spirit leaps out and strikes again.
   The spirit shares a part of any damage it takes with its wielder.
   Str:       It affects your strength (+4).
   Dex:       It affects your dexterity (+3).
   rCorr:     It protects you from acid and corrosion.
Missiles
 b - 28 boomerangs
 n - 8 throwing nets (quivered)
 v - 3 javelins
Armour
 a - a +2 buckler (worn)
 l - a +0 pair of gloves (worn)
 F - a +5 chain mail of willpower (worn)
 R - a scarf of repulsion (worn)
Jewellery
 i - a ring of poison resistance (left hand)
 j - a ring of fire
 k - a ring of flight
 r - a ring of see invisible
 w - the ring "Exziewu" (right hand) {rElec EV+4}
   (You acquired it on level 7 of the Dungeon)

   [ring of evasion]

   EV:        It affects your evasion (+4).
   rElec:     It insulates you from electricity.
 x - an amulet of the acrobat (around neck)
 y - a ring of ice
 O - an amulet of reflection
Wands
 g - a wand of digging (5)
 t - a wand of flame (23)
 A - a wand of acid (23)
 B - a wand of polymorph (11)
 E - a wand of iceblast (22)
 I - a wand of paralysis (17)
Scrolls
 c - 5 scrolls of fog
 d - a scroll of magic mapping
 e - 3 scrolls of fear
 h - 5 scrolls of teleportation
 s - a scroll of acquirement
 N - a scroll of brand weapon
 P - 2 scrolls of enchant armour
 Q - a scroll of identify
Potions
 f - 7 potions of haste
 m - 7 potions of curing
 o - 3 potions of magic
 p - 2 potions of brilliance
 q - a potion of ambrosia
 u - 4 potions of might
 z - 2 potions of heal wounds
 D - 4 potions of flight
 G - a potion of invisibility
 H - 2 potions of mutation
 L - a potion of cancellation
 M - a potion of resistance
 S - a potion of lignification
 T - 3 potions of attraction
Miscellaneous
 J - a box of beasts
 K - a lightning rod (4/4)


   Skills:
 + Level 9.9 Fighting
 - Level 2.2(2.8) Axes
 - Level 2.5(3.0) Maces & Flails
 - Level 3.0 Throwing
 - Level 8.0 Armour
 - Level 8.0 Dodging
 - Level 4.5 Stealth
 - Level 7.0 Shields
 + Level 12.6 Unarmed Combat
 - Level 4.0 Evocations


You had 12 spell levels left.
You didn't know any spells.
Your spell library contained the following spells:

 Spells                   Type           Power      Damage    Failure   Level
 Foxfire                  Conj/Fire      0%         2x1d4     96%         1
 Slow                     Hex            0%         N/A       96%         1
 Sting                    Tmut/Pois      0%         1d3       96%         1
 Poisonous Vapours        Pois/Air       0%         N/A       99%         2
 Call Canine Familiar     Summ           0%         N/A       100%        3
 Confusing Touch          Hex            0%         N/A       100%        3
 Conjure Flame            Conj/Fire      0%         6-21      100%        3
 Gell's Gravitas          Tloc           0%         N/A       100%        3
 Ignite Poison            Fire/Tmut/Pois 0%         N/A       100%        3
 Inner Flame              Hex/Fire       0%         N/A       100%        3
 Mephitic Cloud           Conj/Pois/Air  0%         N/A       100%        3
 Portal Projectile        Hex/Tloc       0%         N/A       100%        3
 Teleport Other           Tloc           0%         N/A       100%        3
 Vampiric Draining        Necr           0%         2d6       100%        3
 Flame Wave               Conj/Fire      0%         2d4       100%        4
 Leda's Liquefaction      Hex/Erth       0%         N/A       100%        4
 Olgreb's Toxic Radiance  Pois           0%         N/A       100%        4
 Summon Lightning Spire   Summ/Air       0%         N/A       100%        4
 Freezing Cloud           Conj/Ice/Air   0%         6-21      100%        5
 Dispersal                Tloc           0%         N/A       100%        6
 Storm Form               Tmut/Air       0%         N/A       100%        7
 Maxwell's Capacitive Co  Air            0%         ∞         100%        8


Dungeon Overview and Level Annotations

Branches:
Dungeon (14/15)            Temple (0/1) D:7            Lair (0/6) D:10
    Orc (0/2) D:10         Vaults (0/5) D:14         Bailey (visited)

Altars:
Cheibriados
Dithmenos
Elyvilon
Gozag
Qazlal
Ru
Xom
Yredelemnul
Jiyva
Lugonu

Shops:
D:10 (

Annotations:
D:5 exclusion: door


Innate Abilities, Weirdness & Mutations

You have sharp fingernails.
You have hooves in place of feet.
You have a pair of large horns on your head.
A meltable icy envelope protects you from harm. (AC +0)
A meltable shield of frost defends you. (SH +0)


Message History

Your kick misses the vault guard.
The vault guard is moderately wounded.
Your +9 mace "Worm" {spect, rCorr Str+4 Dex+3} hits the vault guard!
Your icy envelope is restored.
The vault guard is distracted by your dazzling golden aura.
The vault guard shouts!
You sock the vault guard!
The vault guard is no longer distracted by gold.
Your kick misses the vault guard.
The vault guard is severely wounded.
Your +9 mace "Worm" {spect, rCorr Str+4 Dex+3} hits the vault guard!
The vault guard hits you but does no damage.
You hit the vault guard but do no damage.
Your kick misses the vault guard. You headbutt the vault guard!
You kill the vault guard!
A centaur warrior comes into view.
The centaur warrior wields a +0 shortbow.
The centaur warrior shoots an arrow.
You block the arrow.
You hit the efreet. Your headbutt misses the efreet.
The efreet is lightly wounded.
Your +9 mace "Worm" {spect, rCorr Str+4 Dex+3} hits the efreet!
You hear a roar!
You block the efreet's attack.
You hit the efreet. You kick the efreet!
You headbutt the efreet, but do no damage.
The efreet is severely wounded.
Your +9 mace "Worm" {spect, rCorr Str+4 Dex+3} hits the efreet.
The centaur warrior shoots an arrow.
You block the arrow. The efreet gestures at you.
The fireball explodes!
The fireball engulfs you!!
Your icy defenses dissipate!
* * * LOW HITPOINT WARNING * * *
The fireball engulfs the efreet.
The efreet completely resists.
The fireball engulfs your +9 mace "Worm" {spect, rCorr Str+4 Dex+3}!
Your +9 mace "Worm" {spect, rCorr Str+4 Dex+3} resists.
Your spectral weapon shares its damage with you!
* * * LOW HITPOINT WARNING * * *
The centaur warrior shoots an arrow.
The arrow hits you!
You die...
Your body crumbles into a pile of gold.

.##.##.#.#.#
...............
.....c........
#............ $
#...##......#
######........[..#
...........>..§..#
.....##.#..^...$@#
..............(R########
...............#☼#.#.#.#
.##.......≈≈...##.#$#c#
#......≈≈≈...#.#.#.#p#
#......≈≈....##.#.#.#R#
#.......≈...##.#.#.#.#c#
..............###.#
#.#!#.#
.#.#+##+#.....##.#
#.#.#.#


You could see a centaur warrior, an efreet (distracted, ally target) and a
friendly +9 mace "Worm" {spect, rCorr Str+4 Dex+3} (summoned).

Vanquished Creatures
  Harold (D:9)
  3 hydras (D:13)
  An ice dragon (D:13)
  A boulder beetle (D:12)
  A vault guard (D:14)
  3 centaur warriors (D:14)
  5 two-headed ogres
  Amaemon (D:10)
  A wizard (D:9)
  Pikel (D:6)
  An orc knight (Bailey)
  2 deep elf pyromancers
  5 ugly things
  3 cyclopes
  An orange demon (D:10)
  Maggie (D:6)
  3 unseen horrors
  2 gargoyles
  A yaktaur (D:13)
  A kobold demonologist (D:11)
  A tengu conjurer (D:13)
  2 komodo dragons
  A wind drake (D:11)
  3 meliai (D:13)
  3 slime creatures
  2 hornets
  A spriggan (shapeshifter) (D:10)
  A wraith (D:9)
  14 yaks
  2 shadows
  A vampire (D:10)
  A wyvern (D:8)
  A basilisk (D:12)
  A water elemental (D:14)
  4 steam dragons
  6 vampire mosquitoes
  A warg (D:10)
  3 acid dragons (D:10)
  4 black bears
  3 ice beasts
  3 sky beasts
  6 orc warriors
  2 ogres
  A phantom (D:5)
  6 centaurs
  7 kobold brigands
  2 gnoll sergeants
  2 scorpions
  6 bullfrogs
  3 necrophages
  12 wights
  4 howler monkeys
  A hound (D:5)
  8 jellies
  6 orc priests
  2 gnoll shamans
  Jessica (D:2)
  10 iguanas
  7 orc wizards
  3 small abominations (D:7)
  11 gnolls
  12 adders
  A shadow imp (D:6)
  A white imp (D:5)
  An ufetubus (D:5)
  2 worms
  4 dart slugs
  31 orcs
  5 endoplasms
  2 giant cockroaches
  10 goblins
  15 hobgoblins
  5 jackals
  34 kobolds
  7 quokkas
  3 ball pythons
  3 bats
  A frilled lizard (D:1)
  5 rats
338 creatures vanquished.

Vanquished Creatures (collateral kills)
  An orc warrior (Bailey)
  A kobold brigand (Bailey)
2 creatures vanquished.

Vanquished Creatures (others)
  A centaur warrior (D:14)
  A kobold brigand (Bailey)
  An orc priest (D:9)
  An orc wizard (D:10)
  53 fungi (D:10)
  70 plants
127 creatures vanquished.

Grand Total: 467 creatures vanquished

Notes
Turn   | Place    | Note
-------+----------+-------------------------------------------
     0 | D:5      | inmateoo the Demonspawn Delver began the quest for the Orb.
     0 | D:5      | Reached XP level 1. HP: 18/18 MP: 1/1
     3 | D:4      | Noticed an iguana
   580 | D:2      | Discovered your monstrous ancestry.
   580 | D:2      | Gained mutation: You have sharp fingernails. [demonic
                  | ancestry]
   580 | D:2      | Reached XP level 2. HP: 21/24 MP: 2/2
   889 | D:2      | Reached XP level 3. HP: 29/29 MP: 3/3
  1428 | D:1      | Reached skill level 1 in Shields
  1436 | D:1      | Reached skill level 1 in Armour
  1473 | D:1      | Reached skill level 1 in Unarmed Combat
  1536 | D:1      | Found a faded altar of an unknown god.
  1983 | D:2      | Gained mutation: You have a pair of small horns on your
                  | head. [demonic ancestry]
  1983 | D:2      | Reached XP level 4. HP: 28/35 MP: 4/4
  2051 | D:2      | Noticed Jessica
  2054 | D:2      | Killed Jessica
  2984 | D:3      | Identified a scroll of acquirement
  2984 | D:3      | Acquired the +1 hat of Leapfrog {rCorr}
  3033 | D:4      | Found a stormy altar of Qazlal.
  3066 | D:4      | Noticed a scorpion
  3082 | D:4      | Killed a scorpion
  3083 | D:4      | Reached skill level 1 in Throwing
  3083 | D:4      | Reached skill level 2 in Unarmed Combat
  3083 | D:4      | Gained mutation: You have a pair of horns on your head.
                  | [demonic ancestry]
  3083 | D:4      | Reached XP level 5. HP: 16/42 MP: 5/5
  3467 | D:4      | Found a shimmering altar of Xom.
  3494 | D:4      | Gained mutation: A meltable shield of frost defends you.
                  | (SH +0) [demonic ancestry]
  3494 | D:4      | Reached XP level 6. HP: 6/48 MP: 6/6
  3810 | D:4      | Found an opulent altar of Gozag.
  3848 | D:4      | Became a worshipper of Gozag Ym Sagoz the Greedy
  4414 | D:5      | Reached skill level 3 in Unarmed Combat
  4461 | D:5      | Noticed an ice beast
  4466 | D:5      | Killed an ice beast
  4467 | D:5      | Reached XP level 7. HP: 54/54 MP: 7/7
  4981 | D:5      | Reached skill level 4 in Unarmed Combat
  5159 | D:5      | Identified the +9 mace "Worm" {spect, rCorr Str+4 Dex+3}
  5238 | D:5      | Gained mutation: A meltable icy envelope protects you from
                  | harm. (AC +0) [demonic ancestry]
  5238 | D:5      | Reached XP level 8. HP: 61/61 MP: 8/8
  5306 | D:5      | Reached skill level 5 in Fighting
  5458 | D:6      | Reached skill level 5 in Unarmed Combat
  5579 | D:6      | Reached skill level 6 in Unarmed Combat
  5771 | D:6      | Reached skill level 7 in Unarmed Combat
  5820 | D:6      | Noticed Pikel
  5831 | D:6      | Killed Pikel
  5832 | D:6      | Reached skill level 8 in Unarmed Combat
  5832 | D:6      | Gained mutation: You have large cloven feet. [demonic
                  | ancestry]
  5832 | D:6      | Reached XP level 9. HP: 60/68 MP: 9/9
  5920 | D:6      | Noticed Maggie
  5926 | D:6      | Killed Maggie
  6158 | D:6      | Reached skill level 9 in Unarmed Combat
  6630 | D:7      | Found a transporter.
  6641 | D:7      | Found a sacrificial altar of Ru.
  6641 | D:7      | Found a basalt altar of Yredelemnul.
  6680 | D:7      | Found a transporter.
  6680 | D:7      | Found a corrupted altar of Lugonu.
  6688 | D:7      | Reached skill level 10 in Unarmed Combat
  6724 | D:7      | Found a shadowy altar of Dithmenos.
  6737 | D:7      | Noticed a purple ugly thing
  6739 | D:7      | Noticed a brown ugly thing
  6837 | D:7      | Reached skill level 1 in Evocations
  6847 | D:7      | Found a staircase to the Ecumenical Temple.
  6865 | D:7      | Found a snail-covered altar of Cheibriados.
  7173 | D:7      | Acquired the ring "Exziewu" {rElec EV+4}
  7191 | D:7      | Killed a purple ugly thing
  7192 | D:7      | Reached skill level 1 in Maces & Flails
  7192 | D:7      | Gained mutation: You have a pair of large horns on your
                  | head. [demonic ancestry]
  7192 | D:7      | Reached XP level 10. HP: 55/74 MP: 10/10
  7194 | D:7      | Killed a brown ugly thing
  8140 | D:9      | Found a flagged portal.
  8167 | Bailey   | Entered a bailey
  8243 | Bailey   | Noticed an orc knight
  8252 | Bailey   | Killed an orc knight
  8389 | Bailey   | Reached skill level 5 in Shields
  8400 | Bailey   | Found a burning altar of Makhleb.
  8549 | D:9      | Noticed a wizard
  8563 | D:9      | Killed a wizard
  8778 | D:9      | Noticed a two-headed ogre
  8783 | D:9      | Killed a two-headed ogre
  8784 | D:9      | Gained mutation: You have hoof-like feet. [demonic
                  | ancestry]
  8784 | D:9      | Reached XP level 11. HP: 47/82 MP: 11/11
  8832 | D:9      | Reached skill level 5 in Dodging
  9174 | D:9      | Noticed Harold
  9183 | D:9      | Killed Harold
  9184 | D:9      | Reached skill level 5 in Armour
  9338 | D:10     | Entered Level 10 of the Dungeon
  9341 | D:10     | Found Inwusoh's Weapon Emporium.
  9412 | D:10     | Noticed a two-headed ogre
  9425 | D:10     | Killed a two-headed ogre
  9683 | D:10     | Reached skill level 11 in Unarmed Combat
  9685 | D:10     | Found a staircase to the Orcish Mines.
  9776 | D:10     | Noticed a death drake
  9778 | D:10     | Noticed a lindwurm
  9778 | D:10     | a death drake changed into a lindwurm
  9783 | D:10     | Noticed a fire crab
 10150 | D:10     | Found a staircase to the Lair.
 10167 | D:10     | Noticed Amaemon
 10175 | D:10     | Killed Amaemon
 10645 | D:11     | Found a viscous altar of Jiyva.
 10658 | D:11     | Paralysed by a hornet for 2 turns
 11066 | D:11     | Noticed Sonja
 11068 | D:11     | Noticed Sonja
 11068 | D:11     | Sonja changed into Sonja the wind drake
 11080 | D:11     | Killed Sonja the wind drake
 11168 | D:11     | Gained mutation: You have hooves in place of feet. [demonic
                  | ancestry]
 11168 | D:11     | Reached XP level 12. HP: 90/92 MP: 12/12
 12023 | D:12     | Noticed a boulder beetle
 12037 | D:12     | Killed a boulder beetle
 12279 | D:12     | Found a sacrificial altar of Ru.
 12551 | D:13     | Noticed a two-headed ogre
 12557 | D:13     | Killed a two-headed ogre
 12557 | D:13     | Noticed a two-headed ogre
 12560 | D:13     | Killed a two-headed ogre
 12890 | D:13     | Noticed an ice dragon
 12917 | D:13     | Killed an ice dragon
 12918 | D:13     | Reached skill level 12 in Unarmed Combat
 13180 | D:13     | Noticed a four-headed hydra
 13184 | D:13     | Noticed a four-headed hydra
 13187 | D:13     | Killed a four-headed hydra
 13194 | D:13     | Killed a four-headed hydra
 13604 | D:13     | Noticed a four-headed hydra
 13610 | D:13     | Killed a four-headed hydra
 13611 | D:13     | Gained mutation: A meltable icy envelope protects you from
                  | harm. (AC +0) [demonic ancestry]
 13611 | D:13     | Reached XP level 13. HP: 69/101 MP: 13/13
 14127 | D:14     | Found a gate to the Vaults.
 14158 | D:14     | HP: 3/103 [efreet/+2 scimitar of flaming (4)]
 14158 | D:14     | Shot with an arrow by a centaur warrior

Illustrated notes

Levels and vault maps discovered:
D:1:      sevenhm_arrival_forest_fort_small_1, layout_loops_corners,
          ebering_ecumenical_altar_hall
D:2:      layout_loops_ring, serial_rivers, chequers_serial_rivers_micro_b,
          chequers_serial_rivers_small_3, chequers_serial_rivers_room_a,
          chequers_serial_rivers_small_3, item_on_display_a, uniq_jessica
D:3:      layout_basic, chequers_serial_rivers_micro_b, roderic_serpentine_path
D:4:      layout_rooms, mainiacjoe_overflow_cross_hatched,
          mainiacjoe_overflow_catch_the_wave, nicolae_qazlal_scattered_showers
D:5:      layout_basic, gup_sewer_entry_glass, kennysheep_nondescript,
          minmay_joined_circles
D:6:      layout_gridville, hangedman_decor_opposing, uniq_pikel, uniq_maggie
D:7:      gammafunk_corrupted_shrine, layout_cave_pools,
          nicolae_dithmenos_shadow_blocks, mainiacjoe_overflow_alcove_1,
          grunt_temple_overflow_open, temple_green, hangedman_decor_points,
          minmay_strange_pillars, minmay_crystal_room, dk_noncrumbling_2,
          chequers_serial_rivers_large_b
D:8:      layout_cave_pools, nrook_mini_vaults
D:9:      cheibrodos_wizards_tower, layout_basic, enter_bailey_5, uniq_harold
D:10:     layout_roguey, due_lair_maze_entry_diamond, erik_orc_4, serial_shops,
          nicolae_take_the_stairs, minivault_5, uniq_amaemon
D:11:     layout_irregular_city, jiyva_altar_1, uniq_sonja
D:12:     layout_loops_cross, nicolae_ru_awakened_eye
D:13:     layout_loops_ring
D:14:     cheibrodos_breeding_chamber, layout_basic, david_vaults_5,
          nicolae_wu_jian_wuxing_cycle

Skill      XL: |  1  2  3  4  5  6  7  8  9 10 11 12 13 |
---------------+----------------------------------------+-----
Axes           | 2 |  2.2
Dodging        | 2 3 4 6 7 8 |  8.0
Shields        | 1 2 3 4 5 6 7 |  7.0
Armour         | 1 2 3 4 6 7 8 |  8.0
Unarmed Combat | 1 2 3 4 8 10 11 12 | 12.6
Throwing       | 1 2 3 |  3.0
Fighting       | 4 5 6 7 9 |  9.9
Evocations     | 1 3 4 |  4.0
Maces & Flails | 1 2 |  2.5
Stealth        | |  4.5

Action                   |  1- 3 |  4- 6 |  7- 9 | 10-12 | 13-15 || total
-------------------------+-------+-------+-------+-------+-------++-------
Melee: Hand axe          |   127 |   110 |       |       |       ||   237
       Headbutt          |       |    23 |    30 |   115 |    11 ||   179
       Unarmed           |       |    18 |    99 |       |       ||   117
       Mace              |       |       |    99 |   430 |    33 ||   562
       Kick              |       |       |    20 |   105 |    18 ||   143
Throw: Javelin           |       |     1 |     2 |       |       ||     3
       Dart              |       |       |       |     4 |       ||     4
Evoke: Wand              |       |     5 |       |     2 |       ||     7
  Use: Scroll            |       |    12 |     6 |     9 |       ||    27
       Potion            |       |     1 |     2 |     2 |       ||     5
 Stab: Sleeping          |     2 |       |       |       |       ||     2
       Distracted        |       |       |     3 |    10 |     1 ||    14
       Invisible         |       |       |       |     2 |       ||     2
Armor: Plate armour      |    92 |    57 |    55 |     2 |       ||   206
       Leather armour    |     3 |       |       |       |       ||     3
       Skin              |       |       |    15 |       |       ||    15
       Chain mail        |       |       |       |   196 |    34 ||   230
Dodge: Dodged            |    25 |    26 |    41 |   285 |    32 ||   409
       Repelled          |       |       |       |     1 |       ||     1
Block: Buckler           |    25 |    53 |    83 |   258 |    43 ||   462

Table legend: (Time is in decaauts)
 A = Elapsed time spent in this place.
 B = Non-inter-level travel time spent in this place.
 C = Inter-level travel time spent in this place.
 D = Time resting spent in this place.
 E = Time spent auto-exploring this place.
 F = Levels seen in this place.
 G = Mean time per level.
                   A        B        C        D        E       F      G
               +--------+--------+--------+--------+--------+-----+--------+
         Total |  14470 |  13878 |    592 |   3801 |   6844 |  15 |  964.7 |
       Dungeon |  14189 |  13597 |    592 |   3692 |   6796 |  14 | 1013.5 |
        Bailey |    281 |    281 |      0 |    109 |     47 |   1 |  281.0 |
               +--------+--------+--------+--------+--------+-----+--------+

Top non-repeatable levels by time:
    D:13: 1597 daAuts
     D:5: 1365 daAuts
    D:10: 1296 daAuts
     D:7: 1201 daAuts
     D:3: 1109 daAuts
     D:4: 1098 daAuts
    D:12: 1054 daAuts
     D:1: 987 daAuts
     D:9: 983 daAuts
     D:6: 970 daAuts
     D:2: 963 daAuts
    D:11: 907 daAuts
     D:8: 582 daAuts
  Bailey: 281 daAuts
    D:14: 71 daAuts
